AoeStats
← Jolly

Arabia

510464354Analyzed
1v1 RM · 20h ago on Oct 1, 2026· 31m 2s· 2 players
Game mode
Random Map
Map size
Tiny (2 player)
Population
200
Speed
Normal
Resources
Standard
Victory
Conquest
Starting age
Dark Age
Ending age
Imperial Age
RankedLock teamsTeams togetherTeam positionsShared explorationLock speedFull tech treeHidden civsTurbo modeCheats
Victory
Defeat
🇨🇦 Lithuanians · Canada
1013
+15
🇨🇦 Varangians · Canada
982
-15
santa7785
7:43 Loom
10:15 Feudal Age
11:16 Double-Bit Axe
17:04 Bloodlines
19:04 Town Watch
22:49 Castle Age
20:54 Gold Mining
21:26 Horse Collar
24:53 Husbandry
25:16 Bow Saw
26:00 Wheelbarrow
27:22 Scale Barding Armor
28:09 Forging
Jolly
8:49 Feudal Age
7:06 Loom
10:17 Double-Bit Axe
19:40 Castle Age
17:23 Horse Collar
17:35 Gold Mining
18:53 Scale Barding Armor
18:59 Bloodlines
20:46 Chain Barding Armor
22:25 Bow Saw
22:18 Padded Archer Armor
23:31 Husbandry
25:05 Wheelbarrow
26:22 Pikeman
27:43 Fletching
28:20 Forging
29:30 Squires
29:49 Leather Archer Armor
31:32 Fervor
31:43 Sanctity
Connection lost

Rejoining the realm…

Still unreachable

The connection could not be restored.

Session expired

The server has moved on; the page needs a fresh start.